 Dungeon Crawl Stone Soup version 0.30-a0-782-ge64f9170bb (webtiles) character file.

Game seed: 11471740141189403992

5472 funkygono the Cleaver (level 10, -3/90 HPs)
             Began as a Minotaur Fighter on Mar 16, 2023.
             Was a Believer of Makhleb.
             Slain by an orc warrior
             ... wielding a +0 glaive
              (7 damage)
             ... on level 9 of the Dungeon.
             The game lasted 00:11:41 (7990 turns).

funkygono the Cleaver (Minotaur Fighter)            Turns: 7990, Time: 00:11:42

Health: -3/90      AC: 13    Str: 25    XL:     10   Next: 42%
Magic:  9/9        EV:  7    Int:  5    God:    Makhleb [**....]
Gold:   553        SH: 11    Dex: 10    Spells: 9/9 levels left

rFire   . . .      SeeInvis .    a - +1 war axe
rCold   . . .      Faith    .    C - +2 kite shield
rNeg    . . .      Spirit   .    n - +0 chain mail
rPois   .          Reflect  .    (helmet restricted)
rElec   .          Harm     .    h - +1 cloak
rCorr   .          Rampage  .    (no gloves)
Will    .....                    (no boots) Stlth
                                 o - amulet of the acrobat
HPRegen 0.35/turn                (no ring)
MPRegen 0.11/turn                (no ring)

@: lethally poisoned (-3 -> -11), slowed, very slow
A: horns 2, retaliatory headbutt
a: Renounce Religion, Minor Destruction


You were on level 9 of the Dungeon.
You worshipped Makhleb.
Makhleb was pleased with you.
You visited 2 branches of the dungeon, and saw 10 of its levels.

You collected 553 gold pieces.

Inventory:

Hand Weapons
 a - a +1 war axe (weapon)
Missiles
 f - 2 javelins
 g - 8 boomerangs (quivered)
 i - 18 poisoned darts
 B - a throwing net
 D - 6 silver javelins
Armour
 h - a +1 cloak (worn)
 n - a +0 chain mail (worn)
 C - a +2 kite shield (worn)
Jewellery
 o - an amulet of the acrobat (around neck)
Wands
 c - a wand of polymorph (9)
 l - a wand of charming (6)
 t - a wand of flame (15)
 z - a wand of roots (4)
Scrolls
 s - a scroll of blinking
 w - 2 scrolls of teleportation
 x - 2 scrolls of magic mapping
 y - 4 scrolls of fog
Potions
 b - a potion of invisibility {unknown}
 d - 4 potions of might
 e - 2 potions of heal wounds
 j - 4 potions of curing
 k - a potion of flight {unknown}
 m - a potion of haste {unknown}
 p - 4 potions of lignification
 q - 2 potions of attraction
 r - 2 potions of brilliance
 v - a potion of magic {unknown}
 A - a potion of berserk rage {unknown}
 E - a potion of cancellation {unknown}


   Skills:
 + Level 8.9 Fighting
 + Level 13.0 Axes
 + Level 9.7 Armour
 + Level 1.9 Dodging
 + Level 0.7 Stealth
 + Level 6.3 Shields


You had 9 spell levels left.
You didn't know any spells.
Your spell library contained the following spells:

 Spells                   Type           Power      Damage    Failure   Level
 Beastly Appendage        Tmut           0%         N/A       100%        1
 Necrotise                Necr           0%         1d4       100%        1
 Cigotuvi's Dreadful Rot  Necr/Pois/Air  0%         N/A       100%        2
 Lesser Beckoning         Tloc           0%         N/A       100%        2
 Poisonous Vapours        Pois/Air       0%         N/A       100%        2
 Wereblood                Tmut           0%         N/A       100%        2
 Gell's Gravitas          Tloc           0%         N/A       100%        3
 Mephitic Cloud           Conj/Pois/Air  0%         N/A       100%        3
 Spider Form              Tmut/Pois      0%         N/A       100%        3
 Teleport Other           Tloc           0%         N/A       100%        3
 Tukima's Dance           Hex            0%         N/A       100%        3
 Vampiric Draining        Necr           0%         2d6       100%        3
 Passage of Golubria      Tloc           0%         N/A       100%        4
 Agony                    Necr           0%         N/A       100%        5
 Yara's Violent Unravell  Hex/Tmut       0%         3d3       100%        5


Dungeon Overview and Level Annotations

Branches:
Dungeon (9/15)             Temple (1/1) D:5            Lair (0/5) D:8
    Orc: D:9-12

Altars:
Cheibriados
Dithmenos
Elyvilon
Fedhas
Gozag
Kikubaaqudgha
Makhleb
Nemelex Xobeh
Okawaru
Ru
Sif Muna
Trog
Uskayaw
Vehumet
Wu Jian
Xom
Yredelemnul
Zin

Annotations:
D:4 3 runed translucent doors, AppleFox63's ghost, amateur SpAr


Innate Abilities, Weirdness & Mutations

You have a pair of horns on your head.
You reflexively headbutt those who attack you in melee.


Message History

The orc warrior hits you with a +0 glaive!
You block the gnoll's attack.
The gnoll hits you from afar with a +0 halberd.
You slash the gnoll!
You kill the gnoll!
Makhleb accepts your kill.
You hit the orc warrior.
The orc warrior hits you with a +0 glaive.
The gnoll hits you but does no damage.
You slash the hornet! You headbutt the hornet.
The hornet is moderately wounded.
You hit the orc warrior but do no damage.
You block the hornet's attack. You block the orc warrior's attack.
You block the gnoll's attack.
You miss the hornet.
The hornet is moderately wounded.
You barely miss the orc warrior. The hornet stings you!
* * * LOW HITPOINT WARNING * * *
You feel yourself slow down.
The hornet stings you but does no damage.
The gnoll hits you from afar with a +0 halberd.
* * * LOW HITPOINT WARNING * * *
You miss the hornet.
The hornet is moderately wounded.
You closely miss the orc warrior. The hornet stings you!
* * * LOW HITPOINT WARNING * * *
You are lethally poisoned!
You feel as though you will be slow longer.
You block the orc warrior's attack. The gnoll closely misses you.
The hornet stings you but does no damage.
You slash the hornet!
The hornet is heavily wounded.
You hit the orc warrior but do no damage.
* * * LOW HITPOINT WARNING * * *
You feel very sick. The hornet stings you.
* * * LOW HITPOINT WARNING * * *
You feel as though you will be slow longer.
The orc warrior hits you with a +0 glaive!
You die...

.# #.# ### #........#.
#.. #.. #.......... ##..
#.# ............ #.. #.#
.. #......... #.# ##.#.#
#>o....... #.## #.†..#
gToo....#
...####.########yoo....#
..............†)@#
..#../......).##.#
........####........
...###..# #..###.###
..###..## ##.# #.#
..#...## #.# #.# ..#.##
#.. ... ###. #.. ... ...


You could see a troll, a hornet, an orc warrior, a gnoll and 4 orcs.

Vanquished Creatures
  Pikel (D:6)
  A komodo dragon (D:8)
  Grinder (D:5)
  Sigmund (D:6)
  A wyvern (D:9)
  A wraith (D:8)
  2 steam dragons
  Edmund (D:4)
  2 water moccasins
  3 sky beasts
  2 ogres
  3 black bears
  3 centaurs
  4 lemures (D:6)
  3 phantoms
  Blork the orc (D:5)
  6 bullfrogs
  2 gnoll sergeants
  A necrophage (D:7)
  3 scorpions
  3 wights (D:6)
  9 killer bees
  3 howler monkeys
  An orc priest (D:4)
  5 hounds
  4 jellies (D:5)
  2 gnoll boudas
  5 iguanas
  An iron imp (D:3)
  3 orc wizards
  2 adders
  13 gnolls
  A white imp (D:6)
  4 worms
  3 dart slugs
  22 orcs
  6 ball pythons
  8 bats
  6 endoplasms
  5 giant cockroaches
  7 goblins
  10 hobgoblins
  4 jackals (D:4)
  2 quokkas
  A frilled lizard (D:1)
  4 kobolds
  2 rats
178 creatures vanquished.

Vanquished Creatures (others)
  41 plants (D:8)
41 creatures vanquished.

Grand Total: 219 creatures vanquished

Notes
Turn   | Place    | Note
-------+----------+-------------------------------------------
     0 | D:1      | funkygono the Minotaur Fighter began the quest for the Orb.
     0 | D:1      | Reached XP level 1. HP: 19/19 MP: 0/0
   154 | D:1      | Reached XP level 2. HP: 27/27 MP: 1/1
   422 | D:1      | You fall into a shaft and drop 1 floor!
   588 | D:1      | Reached XP level 3. HP: 33/33 MP: 2/2
   654 | D:1      | Reached skill level 3 in Axes
  1477 | D:3      | Found a snail-covered altar of Cheibriados.
  1482 | D:3      | Reached XP level 4. HP: 40/40 MP: 3/3
  1592 | D:3      | Reached skill level 4 in Axes
  1906 | D:3      | Reached XP level 5. HP: 15/47 MP: 4/4
  2458 | D:4      | Reached skill level 5 in Axes
  2523 | D:4      | Reached skill level 5 in Fighting
  2628 | D:4      | Found a runed translucent gate.
  2628 | D:4      | Noticed AppleFox63's ghost (amateur SpAr)
  2629 | D:4      | Found a runed translucent gate.
  2629 | D:4      | Found a runed translucent gate.
  2679 | D:4      | Noticed an ogre
  2686 | D:4      | Killed an ogre
  2687 | D:4      | Reached skill level 5 in Armour
  2687 | D:4      | Reached XP level 6. HP: 47/56 MP: 5/5
  2752 | D:4      | Reached skill level 6 in Axes
  2858 | D:4      | Noticed Edmund
  2862 | D:4      | Killed Edmund
  3127 | D:4      | Reached XP level 7. HP: 55/61 MP: 6/6
  3339 | D:5      | Entered Level 5 of the Dungeon
  3359 | D:5      | Reached skill level 7 in Axes
  3451 | D:5      | Found a blossoming altar of Fedhas.
  3518 | D:5      | Found a staircase to the Ecumenical Temple.
  3541 | Temple   | Entered the Ecumenical Temple
  3613 | Temple   | Became a worshipper of Makhleb the Destroyer
  3851 | D:5      | Noticed Grinder
  3865 | D:5      | Reached skill level 8 in Axes
  3878 | D:5      | Killed Grinder
  3879 | D:5      | Reached XP level 8. HP: 70/70 MP: 7/7
  3893 | D:5      | Noticed Blork the orc
  3906 | D:5      | Killed Blork the orc
  4032 | D:5      | Found a glowing silver altar of Zin.
  4137 | D:5      | Reached skill level 9 in Axes
  4595 | D:6      | Noticed Sigmund
  4599 | D:6      | Killed Sigmund
  4600 | D:6      | Reached skill level 10 in Axes
  4615 | D:6      | Reached skill level 1 in Dodging
  4615 | D:6      | Reached XP level 9. HP: 26/78 MP: 8/8
  4880 | D:6      | Reached skill level 5 in Shields
  4904 | D:6      | Noticed Pikel
  4936 | D:6      | Killed Pikel
  4937 | D:6      | Reached skill level 11 in Axes
  5180 | D:6      | Reached * piety under Makhleb
  6642 | D:7      | Reached skill level 12 in Axes
  6812 | D:7      | Found an iron altar of Okawaru.
  6812 | D:7      | Found a shadowy altar of Dithmenos.
  7087 | D:8      | Reached XP level 10. HP: 82/90 MP: 9/9
  7272 | D:8      | Found a staircase to the Lair.
  7488 | D:8      | Reached ** piety under Makhleb
  7965 | D:9      | Reached skill level 13 in Axes
  7990 | D:9      | HP: 4/90 [hornet (1)]
  7990 | D:9      | Slain by an orc warrior

Illustrated notes

Levels and vault maps discovered:
D:1:      kennysheep_arrival_seaside, layout_basic
D:2:      layout_loops_cross
D:3:      layout_basic, slow_altar_1
D:4:      layout_loops_ring, ebering_ghost_rock_garden,
          nicolae_figureground_sparkle, uniq_edmund
D:5:      layout_basic, lemuel_doored_altar, fedhas_altar_2,
          minmay_temple_entry_mist, minmay_misc_feat_four_crosses, uniq_grinder,
          uniq_blork_the_orc
D:6:      layout_basic, uniq_sigmund, uniq_pikel
D:7:      layout_loops_cross, jmf_multi_god_temple, nicolae_titane
D:8:      layout_gridville, david_lair_shrubbed, serial_glass, glass_columns_b,
          glass_columns_c, glass_columns_b, glass_columns_a, glass_columns_c,
          glass_columns_a, due_unseen_surprise
D:9:      layout_rooms, ebering_ghost_xom, billiards_dpeg
Temple:   dshaligram_water_room_temple

Skill      XL: |  1  2  3  4  5  6  7  8  9 10 |
---------------+-------------------------------+-----
Armour         | 4 5 6 7 8 9 |  9.7
Fighting       | 4 5 6 8 |  8.9
Shields        | 4 6 |  6.3
Axes           | 3 4 5 6 8 10 12 13 | 13.0
Dodging        | 1 |  1.9
Stealth        | |  0.7

Action                     |  1- 3 |  4- 6 |  7- 9 | 10-12 || total
---------------------------+-------+-------+-------+-------++-------
  Melee: War axe           |    74 |   108 |   224 |   109 ||   515
         Headbutt          |     9 |    11 |    48 |    29 ||    97
    Use: Scroll            |       |    10 |     8 |     1 ||    19
 Armour: Scale mail        |    29 |       |       |       ||    29
         Chain mail        |     5 |    58 |   104 |    38 ||   205
  Dodge: Dodged            |    36 |    31 |    95 |    39 ||   201
  Block: Buckler           |    17 |    16 |    33 |       ||    66
         Kite shield       |       |       |    36 |    51 ||    87

Table legend: (Time is in decaauts)
 A = Elapsed time spent in this place.
 B = Non-inter-level travel time spent in this place.
 C = Inter-level travel time spent in this place.
 D = Time resting spent in this place.
 E = Time spent auto-exploring this place.
 F = Levels seen in this place.
 G = Mean time per level.
                   A        B        C        D        E       F      G
               +--------+--------+--------+--------+--------+-----+--------+
         Total |   8073 |   7544 |    529 |    314 |   5822 |  10 |  807.3 |
       Dungeon |   7980 |   7471 |    509 |    314 |   5762 |   9 |  886.7 |
        Temple |     92 |     72 |     20 |      0 |     60 |   1 |   92.0 |
               +--------+--------+--------+--------+--------+-----+--------+

Top non-repeatable levels by time:
     D:6: 1775 daAuts
     D:3: 1052 daAuts
     D:4: 937 daAuts
     D:5: 909 daAuts
     D:8: 826 daAuts
     D:2: 799 daAuts
     D:1: 786 daAuts
     D:7: 742 daAuts
     D:9: 150 daAuts
  Temple: 92 daAuts
